 Dungeon Crawl Stone Soup version 0.17.0-28-g6e173f8 (webtiles) character file.

149 M4edhros the Sneak (level 4, 0/34 HPs)
             Began as a Demigod Artificer on Nov 27, 2015.
             Succumbed to poison (a potion of poison)
             ... on level 3 of the Dungeon.
             The game lasted 00:04:33 (3013 turns).

M4edhros the Sneak (Demigod Artificer)              Turns: 3013, Time: 00:04:33

Health: 0/34       AC:  8    Str: 14      XL:     4   Next: 82%
Magic:  9/9        EV: 12    Int: 18      God:
Gold:   48         SH:  0    Dex: 15 (16) Spells: 0 memorised, 3 levels left

rFire  . . .     SeeInvis .     a - +0 short sword
rCold  + . .     Clarity  .     b - +1 leather armour
rNeg   . . .     SustAt   +     (no shield)
rPois  .         Gourm    .     s - +2 helmet
rElec  .         Spirit   .     i - +0 cloak
rCorr  .         Warding  .     (no gloves)
rMut   .         Stasis   .     (no boots)
MR     .....                    (no amulet)
Stlth  ++........               (no ring)
                                g - ring of protection from cold

@: lethally poisoned (0 -> -5), very slightly contaminated, hasted, very quick,
not resistant to hostile enchantments, unstealthy
A: high mp 1, sustain attributes
a: no special abilities


You were on level 3 of the Dungeon.
You were near starving.

You visited 1 branch of the dungeon, and saw 3 of its levels.

You collected 48 gold pieces.

Inventory:

Hand Weapons
 a - a +0 short sword (weapon)
Missiles
 j - 22 sling bullets
 l - 89 stones (quivered)
Armour
 b - a +1 leather armour (worn)
 i - a +0 cloak (worn)
 s - a +2 helmet (worn)
Jewellery
 g - a ring of protection from cold (left hand)
Wands
 c - a wand of flame (3)
 d - a wand of enslavement (24)
 e - a wand of random effects (11)
Scrolls
 h - 3 scrolls of random uselessness
 q - a scroll of remove curse
 r - a scroll of magic mapping
 t - a scroll of immolation
 v - a scroll of enchant weapon
 w - a scroll of teleportation
Potions
 u - a potion of haste
Comestibles
 f - 2 bread rations
 m - a meat ration
 x - 4 fruits


   Skills:
 - Level 0.8 Fighting
 - Level 0.8 Short Blades
 - Level 1.7 Dodging
 * Level 4.0 Stealth
 + Level 3.7 Evocations


You had 3 spell levels left.
You didn't know any spells.

Dungeon Overview and Level Annotations

Branches:
Dungeon (3/15)


Innate Abilities, Weirdness & Mutations

You have an increased reservoir of magic (+10% MP).
Your attributes are resistant to harm.


Message History

Your Stealth skill increases to level 4!
This wand has 11 charges left.
You hear a shout! x6
Drink which item? (? for menu, Esc to quit)
Okay, then.
* * * LOW HITPOINT WARNING * * *
You feel sick.
You see here a giant cockroach corpse.
Things that are here:
a club; a ring mail; an orc corpse
Things that are here:
a trident; a chain mail; an orc corpse
* * * LOW HITPOINT WARNING * * *
You feel sick.
* * * LOW HITPOINT WARNING * * *
You feel sick.
The quokka appears out of thin air!
A quokka comes into view.
Items here: ))) ††† An orc priest comes into view.
It is wielding a trident.
You die...

####...#..# #.....#.
#...####.(# #####.#. #...#
#..########## #.#. #...#
#.)†........# #.#.
.####...####)#########.#####.#†
.......<'....#.. #.......#.
#####...#...##.# # #########.
#...#..)##.#'##### #.
#...#<..r.@....... ##
#...####.##....... #...# #.#
....... #...# #.# ....... #####
#.# #...o## #.# ###.# #.# ...
#.# ##


You could see an orc priest (wandering) and a quokka (wandering).

Vanquished Creatures
  An orc priest (D:3)
  A gnoll (D:1)
  4 adders (D:2)
  2 worms (D:2)
  4 orcs (D:3)
  7 ball pythons
  A giant cockroach (D:3)
  6 hobgoblins
  4 jackals (D:1)
  9 kobolds
  2 quokkas (D:2)
  8 bats
  A giant newt (D:2)
  7 goblins
  7 rats
64 creatures vanquished.

Notes
Turn   | Place    | Note
--------------------------------------------------------------
     0 | D:1      | M4edhros the Demigod Artificer began the quest for the Orb.
     0 | D:1      | Reached XP level 1. HP: 15/15 MP: 5/5
    18 | D:1      | Reached skill level 1 in Stealth
   346 | D:1      | Reached XP level 2. HP: 14/22 MP: 6/6
   387 | D:1      | Reached skill level 3 in Evocations
  1017 | D:1      | Reached XP level 3. HP: 24/27 MP: 7/7
  1989 | D:2      | Reached XP level 4. HP: 34/34 MP: 9/9
  3004 | D:3      | Reached skill level 4 in Stealth
  3008 | D:3      | HP: 1/34 [poison (a potion of poison)]
  3013 | D:3      | Succumbed to poison (a potion of poison)

Action                   |  1- 3 |  4- 6 || total
-------------------------+-------+-------++-------
Melee: Short sword       |   178 |   124 ||   302
Evoke: Wand              |    12 |     6 ||    18
  Use: Potion            |     2 |     3 ||     5
       Scroll            |       |     9 ||     9
 Stab: Sleeping          |     1 |     3 ||     4
  Eat: Chunk             |     2 |     2 ||     4
       Pizza             |       |     1 ||     1
